 Dungeon Crawl Stone Soup version 0.20-a0-972-gb9bd3e6 (webtiles) character file.

21 Murumi the Sneak (level 2, 0/25 HPs)
             Began as a Naga Enchanter on Apr 9, 2017.
             Slain by a worm (11 damage)
             ... on level 1 of the Dungeon.
             The game lasted 00:03:51 (864 turns).

Murumi the Sneak (Naga Enchanter)                    Turns: 864, Time: 00:03:51

Health: 0/25       AC:  2    Str: 10    XL:     2   Next: 83%
Magic:  4/5        EV: 13    Int: 15    God:
Gold:   39         SH:  0    Dex: 11    Spells: 4/5 levels left

rFire    . . .     SeeInvis +   a - +1 dagger
rCold    . . .     Gourm    .   (no shield)
rNeg     . . .     Faith    .   b - +1 robe
rPois    +         Spirit   .   (no helmet)
rElec    .         Reflect  .   (no cloak)
rCorr    .         Harm     .   (no gloves)
MR       .....                  (no barding)
Stlth    +++.......             (no amulet)
Regen    0.1/turn               j - +3 ring of evasion
MPRegen  0.1/turn               (no ring)

@: short of breath, very slow
A: see invisible, deformed body, poison resistance, slowness 2, slow metabolism
1, spit poison 1, AC +0
a: Spit Poison


You were on level 1 of the Dungeon.
You were not hungry.

You visited 1 branch of the dungeon, and saw 1 of its levels.

You collected 39 gold pieces.

Inventory:

Hand Weapons
 a - a +1 dagger (weapon)
Armour
 b - a +1 robe (worn)
Jewellery
 j - a +3 ring of evasion (left hand)
Scrolls
 h - a scroll of identify
 i - 2 scrolls of remove curse
 k - 3 scrolls of magic mapping
Potions
 e - 2 potions of cancellation
 l - a potion of lignification
Books
 c - a book of Maledictions

   Spells                             Type                      Level
   a - Corona                         Hexes                        1
   b - Ensorcelled Hibernation        Hexes/Ice                    2
   c - Confuse                        Hexes                        3
   d - Tukima's Dance                 Hexes                        3
   e - Dazzling Spray                 Conjuration/Hexes            3
Comestibles
 d - a bread ration
 f - 2 meat rations
 g - 8 fruits


   Skills:
 - Level 1.0 Fighting
 - Level 1.0 Short Blades
 - Level 1.5 Dodging
 + Level 5.6 Stealth
 - Level 2.0 Spellcasting
 - Level 3.0 Hexes


You had 4 spell levels left.
You knew the following spells:

 Your Spells              Type           Power        Failure   Level  Hunger
a - Corona                Hex            ##.....      8%          1    #......


Dungeon Overview and Level Annotations

Branches:
Dungeon (1/15)

Altars:


Innate Abilities, Weirdness & Mutations

You cannot wear boots.
Your serpentine skin is tough. (AC +0)
You have supernaturally acute eyesight. (SInv)
Armour fits poorly on your strangely shaped body.
Your system is resistant to poisons. (rPois)
You cover ground very slowly.
You have a slow metabolism.
You can spit poison.


Message History

The worm is moderately wounded.
The worm completely misses you.
You hit the worm.
The worm is moderately wounded.
You hit the worm.
The worm is heavily wounded.
The worm bites you.
You hit the worm but do no damage.
The worm is moderately wounded.
You have got your breath back.
Press: ? - help, Shift-Dir - straight line, f/p - worm
Aim: a worm (moderately wounded, softly glowing)
The splash of poison hits the worm.
The worm is poisoned.
The worm is severely wounded.
You feel slightly more hungry. The worm bites you!
You are too injured to fight recklessly!
You hit the worm.
The worm is almost dead.
The worm bites you!
You die...

.# #.##..#.#.# ######### .#
#.##.##.#.# #.#.#.#.# .#
#.........# ###.#.#.#.### .#
####.#.#### #...........# .#
#.#.# #.#.#.#.#.#.# .#
######.#.#######.#.#.#.#.#.# .#
#................#########.# .#
##.####...###.##### #..#..# .#
#......(.....@.># #..#.##
.###..####...###w#.# #..#.#
.............###.#.# #..#.#
.................#.#######..#.#
......###.#..##...............#
.###.## #.#..#####.....###..###
.....# ##.#..########..###..#
####.###......)..........#..#
#...)..^((.#######..#.#..#


You could see a worm.

Vanquished Creatures
  A dart slug (D:1)
  A leopard gecko (D:1)
  3 bats (D:1)
  5 goblins (D:1)
  A hobgoblin (D:1)
  A frilled lizard (D:1)
  3 kobolds (D:1)
  3 rats (D:1)
18 creatures vanquished.

Notes
Turn   | Place    | Note
-------+----------+-------------------------------------------
     0 | D:1      | Murumi the Naga Enchanter began the quest for the Orb.
     0 | D:1      | Reached XP level 1. HP: 15/15 MP: 3/3
    87 | D:1      | Reached skill level 5 in Stealth
   104 | D:1      | Reached XP level 2. HP: 18/24 MP: 5/5
   195 | D:1      | Reached skill level 1 in Fighting
   864 | D:1      | Slain by a worm

Vault maps used:
D:1:      evilmike_arrival_run_for_it, minmay_misc_feat_hallway

Skill      XL: |  1  2 |
---------------+-------+-----
Stealth        | 5 |  5.6
Fighting       | 1 |  1.0
Short Blades   | |  1.0
Dodging        | |  1.5
Spellcasting   | |  2.0
Hexes          | |  3.0

Action                   || total
-------------------------++-------
Melee: Dagger            ||    48
 Cast: Corona            ||     1
 Abil: Spit Poison       ||     4
  Use: Scroll            ||     8
 Stab: Sleeping          ||     5
Armor: Robe              ||    12
Dodge: Dodged            ||    25
